 Dungeon Crawl Stone Soup version 0.26.0-16-gc1dbca0489 (webtiles) character file.

Game seed: 11496190542602267632

56 flappity the Ducker (level 3, -1/26 HPs)
             Began as an Octopode Fighter on Jan 21, 2021.
             Slain by a goblin
             ... wielding a +0 club
             ... led by Robin
              (3 damage)
             ... on level 2 of the Dungeon.
             The game lasted 00:01:22 (950 turns).

flappity the Ducker (Octopode Fighter)               Turns: 950, Time: 00:01:23

Health: -1/26      AC:  1    Str: 15    XL:     3   Next: 95%
Magic:  3/3        EV: 12    Int: 10    God:
Gold:   44         SH:  9    Dex: 12    Spells: 2/2 levels left

rFire    . . .     SeeInvis .   a - +1 war axe
rCold    . . .     Faith    .   b - +0 kite shield
rNeg     . . .     Spirit   .   (helmet restricted)
rPois    .         Reflect  .   (no amulet)
rElec    .         Harm     .   (no ring)
rCorr    .         Rampage  .   (no ring)
Will     .....                  (no ring)
Stlth    ++........             (no ring)
HPRegen  0.08/turn              (no ring)
MPRegen  0.08/turn              (no ring)
                                (no ring)
                                (no ring)

@: no status effects
A: almost no armour, stealthy swim, amphibious, 8 rings, constrict 8, camouflage
1, gelatinous body 1
a: no special abilities


You were on level 2 of the Dungeon.
You visited 1 branch of the dungeon, and saw 2 of its levels.

You collected 44 gold pieces.


Innate Abilities, Weirdness & Mutations

You cannot wear most types of armour.
You are very stealthy in the water. (Stealth+)
You are amphibious.
You can wear up to eight rings at the same time.
You can use your tentacles to constrict eight enemies at once.
Your skin changes colour to match your surroundings (Stealth+).
Your rubbery body absorbs attacks. (AC +1, EV +1)


   Skills:
 + Level 3.4 Fighting
 + Level 2.6 Axes
 + Level 3.5 Dodging
 + Level 3.4 Shields


You had 2 spell levels left.
You didn't know any spells.
Your spell library was empty.

Inventory:

Hand Weapons
 a - a +1 war axe (weapon)
Armour
 b - a +0 kite shield (worn)
Jewellery
 f - an uncursed amulet of guardian spirit {unknown}
Scrolls
 g - 3 scrolls of teleportation {unknown}
Potions
 c - a potion of might
 d - a potion of resistance {unknown}
 e - a potion of mutation {unknown}
 h - a potion of magic {unknown}
 i - a potion of attraction {unknown}


Message History

No target in view!
There is an open door here.
Found a stone staircase leading up.
A quokka comes into view.
A quokka is nearby!
A quokka is nearby!
A goblin comes into view.
The goblin shouts!
You hear a shout! x3
A goblin comes into view. It is wielding a +0 dagger.
You hear a shout!
Robin of the Strong Arm comes into view.
They are wielding a +0 whip.
The goblin hits you.
Found three altars.
You take 3 damage.
You miss the goblin.
Robin shouts!
You grab the goblin. You squeeze the goblin.
You kill the goblin!
You hear a shout! x4
Robin roars a battlecry!
The goblin goes into a battle-frenzy!
Robin points. "Kill!"
Robin throws the goblin at you! The goblin closely misses you.
You hear a shout!
You hit the goblin.
The goblin is heavily wounded.
You closely miss the goblin. You block the goblin's attack.
A hobgoblin comes into view. It is wielding a +0 club.
The goblin closely misses you. The goblin hits you but does no damage.
You take 2 damage.
You slash the goblin!
You kill the goblin!
You hit the goblin.
A goblin comes into view. It is wielding a +0 club.
The goblin hits you with a +0 dagger. The quokka bites you.
You take 6 damage.
You are too injured to fight recklessly!
You closely miss the goblin.
The goblin is severely wounded.
Your shield prevents you from hitting the quokka.
The goblin hits you with a +0 dagger. The quokka bites you.
The goblin closely misses you. The quokka bites you.
A hobgoblin comes into view.
You take 12 damage.
You miss the goblin. You grab the goblin.
The goblin is severely wounded.
You hit the quokka. You constrict the goblin.
You kill the goblin!
Robin throws the goblin at you! The quokka misses you.
The goblin hits you with a +0 club.
You die...

▒▒∙∙∙∙∙▒▒▒∙ ▒∙▒
▒∙∙∙[∙∙∙▒∙∙ ▒∙∙
▒∙∙∙∙∙∙∙▒∙∙ ▒∙∙
▒∙∙∙∙∙∙∙▒∙∙
▒∙∙▒▒▒▒∙∙∙∙∙▒▒▒∙ ∙∙∙▒
▒▒∙∙∙▒▒ ▒▒
▒∙▒▒▒▒▒'▒▒▒▒▒▒
▒▒▒∙▒▒▒▒▒▒▒∙∙▒∙∙∙∙∙∙∙∙∙∙


▒∙∙∙ggrxg∙∙∙∙∙∙∙∙∙∙∙∙∙∙∙ ∙∙∙∙$g▒▒▒▒▒▒∙∙∙∙∙∙∙∙∙∙∙∙ ▄∙∙∙▄ ▒<▒∙∙▒▒▒■▒▒▒▒▒▒ ∙∙∙∙
▒∙∙∙∙▒ ▒▒ ∙∙⌠ ▒▒▒∙▒▒ ▒▒∙ ∙∙ ▒∙▒ ▒∙∙ ▄ ▒∙▒ ▒∙∙ ▒∙▒ ▒∙∙ ▒∙▒ ▒▒∙ You could see
Robin, a quokka, 2 hobgoblins and a goblin (strong).

Vanquished Creatures
  3 worms (D:2)
  5 dart slugs (D:1)
  A leopard gecko (D:1)
  2 giant cockroaches (D:1)
  6 goblins
  5 hobgoblins
  2 jackals (D:1)
  4 bats
  2 frilled lizards
  2 kobolds (D:1)
  4 rats (D:1)
36 creatures vanquished.

Notes
Turn   | Place    | Note
-------+----------+-------------------------------------------
     0 | D:1      | flappity the Octopode Fighter began the quest for the Orb.
     0 | D:1      | Reached XP level 1. HP: 16/16 MP: 1/1
    43 | D:1      | Reached XP level 2. HP: 21/21 MP: 2/2
   295 | D:1      | Reached XP level 3. HP: 25/26 MP: 3/3
   945 | D:2      | Found a hazy altar of Hepliaklqana.
   945 | D:2      | Found a hide-covered altar of Uskayaw.
   945 | D:2      | Found an ornate altar of the Wu Jian Council.
   945 | D:2      | Noticed Robin
   949 | D:2      | HP: 7/26 [quokka (4)]
   949 | D:2      | HP: 3/26 [quokka (4)]
   950 | D:2      | Slain by a goblin

Levels and vault maps discovered:
D:1:      dpeg_arrival_orchard, layout_basic, minmay_misc_feat_diagonals,
          chequers_serial_rivers_room_a
D:2:      kennysheep_six_static_rooms, layout_basic, elyvilon_altar_5,
          grunt_temple_overflow_open, lemuel_doored_altar, uniq_robin

Action                   || total
-------------------------++-------
Melee: War axe           ||    57
       Constrict         ||    20
       Tentacles         ||    12
  Use: Scroll            ||     3
 Stab: Sleeping          ||     6
Armor: Skin              ||     4
Dodge: Dodged            ||    26
Block: Kite shield       ||    27
